 Dungeon Crawl Stone Soup version 0.21-a0-338-g36cf2fc (webtiles) character file.

154 tilp the Firebug (level 5, -8/38 HPs)
             Began as a Hill Orc Fire Elementalist on Oct 3, 2017.
             Mangled by an iguana (12 damage)
             ... on level 4 of the Dungeon.
             The game lasted 00:11:16 (3388 turns).

tilp the Firebug (Hill Orc Fire Elementalist)       Turns: 3388, Time: 00:11:17

Health: -8/38      AC:  3    Str: 11    XL:     5   Next: 35%
Magic:  4/8        EV: 12    Int: 16    God:
Gold:   120        SH:  0    Dex: 13    Spells: 3/9 levels left

rFire    . . .     SeeInvis .   o - +1 dagger (flame)
rCold    . . .     Gourm    .   (no shield)
rNeg     . . .     Faith    .   a - +0 robe
rPois    .         Spirit   .   (no helmet)
rElec    .         Reflect  .   (no cloak)
rCorr    .         Harm     .   s - +0 pair of gloves (curse)
MR       .....                  (no boots)
Stlth    ++........             (no amulet)
HPRegen  0.12/turn              (no ring)
MPRegen  0.11/turn              (no ring)

@: no status effects
A: agile 1, sturdy frame 1
a: no special abilities


You were on level 4 of the Dungeon.
You were not hungry.

You visited 1 branch of the dungeon, and saw 4 of its levels.

You collected 120 gold pieces.

Inventory:

Hand Weapons
 o - a +1 dagger of flaming (weapon)
Missiles
 d - 116 stones (quivered)
Armour
 a - a +0 robe (worn)
 s - a cursed +0 pair of gloves (worn)
Scrolls
 e - 2 scrolls of remove curse {unknown}
 f - a scroll of immolation {unknown}
 i - a scroll of teleportation {unknown}
 k - 3 scrolls of identify {unknown}
 l - a scroll of recharging {unknown}
 n - a scroll of blinking {unknown}
 p - a scroll of noise {unknown}
 q - 2 scrolls of enchant weapon {unknown}
Potions
 h - a potion of curing {unknown}
 m - a potion of haste {unknown}
 r - a potion of cancellation {unknown}
 t - 3 potions of mutation
Books
 b - a book of Flames

   Spells                             Type                      Level
   a - Flame Tongue                   Conjuration/Fire             1
   b - Throw Flame                    Conjuration/Fire             2
   c - Conjure Flame                  Conjuration/Fire             3
   d - Inner Flame                    Hexes/Fire                   3
   e - Sticky Flame                   Conjuration/Fire             4
   f - Fireball                       Conjuration/Fire             5
Comestibles
 c - 2 bread rations
 g - 3 meat rations
 j - 4 chunks of flesh


   Skills:
 - Level 1.5 Dodging
 - Level 1.5 Stealth
 + Level 2.6 Spellcasting
 + Level 2.9 Conjurations
 + Level 4.5 Fire Magic


You had 3 spell levels left.
You knew the following spells:

 Your Spells              Type           Power        Failure   Level  Hunger
a - Flame Tongue          Conj/Fire      ##...        4%          1    #......
b - Throw Flame           Conj/Fire      ##....       6%          2    ##.....
c - Conjure Flame         Conj/Fire      ##......     12%         3    ###....


Dungeon Overview and Level Annotations

Branches:
Dungeon (4/15)
 Temple: D:4-7

Altars:

Annotations:
D:3 Grinder, Sigmund


Innate Abilities, Weirdness & Mutations

You are agile. (Dex +2)
Your movements are slightly less encumbered by armour. (ER -2)


Message History

Aim: an orc, wielding a falchion and wearing a chain mail (severely wounded)
The flame tongue hits the orc.
You kill the orc!
The iguana misses you.
Casting: Flame Tongue
Confirm with . or Enter, or press ? or * to list all spells.
Aiming: Flame Tongue
Press: ? - help, Shift-Dir - straight line, f - iguana
Aim: an iguana The flame tongue hits the iguana.
The iguana is lightly wounded.
The iguana bites you!
* * * LOW HITPOINT WARNING * * *
It was a potion of mutation.
You feel extremely strange.
You feel less encumbered by your armour.
You feel agile. The iguana bites you.
* * * LOW HITPOINT WARNING * * *
The iguana bites you!
You die...

.#. #.
...##. #....
... .... .!#
. ... .. .#
#.## .. ..#
#..##.##....
#<.#....#
##@#o..####
#.l{......
###..?....
....>..
.......
.#####. ).
.. ..


You could see an iguana.

Vanquished Creatures
  Jessica (D:2)
  A worker ant (D:3)
  3 adders
  3 worms (D:2)
  2 leopard geckos (D:1)
  5 orcs
  9 bats
  A giant cockroach (D:3)
  4 goblins
  10 hobgoblins
  9 kobolds
  3 quokkas
  A ball python (D:2)
  6 frilled lizards
  6 rats
64 creatures vanquished.

Notes
Turn   | Place    | Note
-------+----------+-------------------------------------------
     0 | D:1      | tilp the Hill Orc Fire Elementalist began the quest for the Orb.
     0 | D:1      | Reached XP level 1. HP: 14/14 MP: 3/3
   233 | D:1      | Reached XP level 2. HP: 7/20 MP: 4/4
   588 | D:1      | Learned a level 2 spell: Throw Flame
  1103 | D:1      | Reached XP level 3. HP: 18/26 MP: 1/5
  1113 | D:1      | Learned a level 3 spell: Conjure Flame
  1273 | D:2      | Noticed Jessica
  1279 | D:2      | Killed Jessica
  1279 | D:2      | Reached skill level 4 in Fire Magic
  1376 | D:2      | Reached XP level 4. HP: 33/33 MP: 3/7
  2020 | D:3      | Noticed Sigmund
  2436 | D:3      | Noticed Grinder
  2731 | D:3      | Reached XP level 5. HP: 38/38 MP: 0/8
  3387 | D:4      | Gained mutation: Your movements are slightly less encumbered by armour. (ER -2) [potion of mutation]
  3387 | D:4      | Gained mutation: You are agile. (Dex +2) [potion of mutation]
  3388 | D:4      | Mangled by an iguana

Vault maps used:
D:1:      scummos_arrival_gate
D:2:      uniq_jessica
D:3:      first_bread, minmay_misc_feat_enclosed, uniq_sigmund, uniq_grinder,
          uniq_crazy_yiuf_cottage
D:4:      lemuel_crystal_altar, temple_fountains, uniq_robin

Skill      XL: |  1  2  3 |
---------------+----------+-----
Spellcasting   | 2 |  2.6
Conjurations   | 2 |  2.9
Fire Magic     | 4 |  4.5
Dodging        | |  1.5
Stealth        | |  1.5

Action                   |  1- 3 |  4- 6 || total
-------------------------+-------+-------++-------
Melee: Club              |    12 |       ||    12
       Unarmed           |     2 |       ||     2
       Dagger            |    34 |    79 ||   113
Throw: Stone             |       |     1 ||     1
 Cast: Flame Tongue      |    37 |    35 ||    72
       Conjure Flame     |       |     1 ||     1
  Use: Potion            |       |     1 ||     1
 Stab: Sleeping          |     1 |     2 ||     3
  Eat: Chunk             |     2 |     7 ||     9
Armor: Robe              |    16 |    11 ||    27
Dodge: Dodged            |    49 |    59 ||   108

Table legend:
 A = Spawn XP
 B = Non-spawn XP
 C = Spawn XP percentage of total XP
 D = Spawn monster count
 E = Non-spawn monster count
 F = Spawn count percentage of total count
 G = Total turns spent on level
                    A         B        C        D         E        F      G
               +---------+---------+-------+---------+---------+-------+---------
         Total |       0 |     220 |   0.0 |       0 |      64 |   0.0 |  3388
               +---------+---------+-------+---------+---------+-------+---------
           D:1 |       0 |      35 |   0.0 |       0 |      21 |   0.0 |  1177
           D:2 |       0 |      88 |   0.0 |       0 |      20 |   0.0 |  1024
           D:3 |       0 |      91 |   0.0 |       0 |      21 |   0.0 |  1168
           D:4 |       0 |       6 |   0.0 |       0 |       2 |   0.0 |    19
               +---------+---------+-------+---------+---------+-------+---------
